3A
BELLEVILLE BULLS @ HIGHWOOD HAWKS
08/11/2028
 
TOP OF THE 1ST
Belleville Bulls batting - Pitching for Highwood Hawks : RHP Blaine Stottlar
Pitching: RHP Blaine Stottlar
Batting: RHB Vicente Mena 0-0: Ball
1-0: Called Strike
1-1: Ground out 5-3 (Groundball, 56)
Batting: RHB Dean Summers 0-0: SINGLE (Flyball, 9S)
Batting: LHB Walt Lathon 0-0: TRIPLE (Flyball, 8RD)
Dean Summers scores
Batting: RHB Bartho Simonse 0-0: Ball
1-0: SINGLE (Line Drive, 4D)
Walt Lathon scores
Batting: LHB Tony Rodríguez 0-0: Ball
1-0: Called Strike
1-1: Foul Ball, location: 2F
1-2: Ball
2-2: Strikes out swinging
Batting: RHB Alejandro Serrato 0-0: Called Strike
0-1: Foul Ball, location: 2F
0-2: Ball
1-2: Strikes out swinging
Top of the 1st over - 2 run(s), 3 hit(s), 0 error(s), 1 left on base; Belleville 2 - Highwood 0
BOTTOM OF THE 1ST
Highwood Hawks batting - Pitching for Belleville Bulls : RHP Ed Maresh
Pitching: RHP Ed Maresh
Batting: SHB Iikka Karpinen 0-0: Foul Ball, location: 2F
0-1: Ball
1-1: Ball
2-1: DOUBLE (Flyball, 78M)
Batting: RHB Rafael Rivera 0-0: Ball
1-0: Ground out 5-3 (Groundball, 56)
Batting: RHB Lane McCool 0-0: Ball
1-0: Ball
2-0: Fly out, F8 (Flyball, 8LD)
Runner from 2nd tags up, SAFE at 3rd, no throw
Batting: RHB Luis Díaz 0-0: Reached on error, E5 (Groundball, 56S)
Iikka Karpinen scores
Batting: RHB Tevin McTevin Pickoff Throw to First - Out!
Bottom of the 1st over - 1 run(s), 1 hit(s), 1 error(s), 0 left on base; Belleville 2 - Highwood 1
TOP OF THE 2ND
Belleville Bulls batting - Pitching for Highwood Hawks : RHP Blaine Stottlar
Batting: RHB Eric Harvey 0-0: Called Strike
0-1: Ball
1-1: Ball
2-1: Ball
3-1: Fly out, F8 (Flyball, 8RD)
Batting: LHB Alan Shaw 0-0: Called Strike
0-1: Ball
1-1: Called Strike
1-2: Ball
2-2: Foul Ball, location: 2F
2-2: Ball
3-2: Foul Ball, location: 2F
3-2: Strikes out swinging
Batting: RHB Júlio Robles 0-0: Called Strike
0-1: Swinging Strike
0-2: Ball
1-2: Strikes out swinging
Top of the 2nd over - 0 run(s), 0 hit(s), 0 error(s), 0 left on base; Belleville 2 - Highwood 1
BOTTOM OF THE 2ND
Highwood Hawks batting - Pitching for Belleville Bulls : RHP Ed Maresh
Batting: RHB Tevin McTevin 0-0: Ball
1-0: Called Strike
1-1: Ball
2-1: Ball
3-1: Base on Balls
Batting: RHB Stan Pagnotta 0-0: Ball
1-0: Fly out, F8 (Flyball, 8LS)
Batting: RHB Owen Cannon 0-0: Ball
Tevin McTevin steals 2nd base
1-0: SINGLE (Flyball, 89S)
Tevin McTevin to third
Batting: RHB Jack Bonner 0-0: SINGLE (Groundball, 5D)
Tevin McTevin scores
Owen Cannon to second
Batting: RHB Jurg Dansen 0-0: Called Strike
0-1: Foul Ball, location: 2F
0-2: Ball
1-2: Foul Ball, location: 2F
1-2: Fly out, F7 (Flyball, 78S)
Batting: SHB Iikka Karpinen 0-0: Ball
1-0: Foul Ball, location: 2F
1-1: Ground out 3-1 (Groundball, 34)
Bottom of the 2nd over - 1 run(s), 2 hit(s), 0 error(s), 2 left on base; Belleville 2 - Highwood 2
TOP OF THE 3RD
Belleville Bulls batting - Pitching for Highwood Hawks : RHP Blaine Stottlar
Batting: RHB Vicente Mena 0-0: Called Strike
0-1: Ball
1-1: Swinging Strike
1-2: Ball
2-2: Ball
3-2: Foul Ball, location: 2F
3-2: Fly out, F9 (Flyball, 9S)
Batting: RHB Dean Summers 0-0: Foul Ball, location: 2F
0-1: Called Strike
0-2: Strikes out swinging
Batting: LHB Walt Lathon 0-0: Ball
1-0: Called Strike
1-1: Foul Ball, location: 2F
1-2: Ball
2-2: Fly out, F4 (Popup, 4MD)
Top of the 3rd over - 0 run(s), 0 hit(s), 0 error(s), 0 left on base; Belleville 2 - Highwood 2
BOTTOM OF THE 3RD
Highwood Hawks batting - Pitching for Belleville Bulls : RHP Ed Maresh
Batting: RHB Rafael Rivera 0-0: Called Strike
0-1: Ball
1-1: Bunted foul
1-2: Fly out, F9 (Flyball, 9)
Batting: RHB Lane McCool 0-0: Fly out, F8 (Flyball, 8LS)
Batting: RHB Luis Díaz 0-0: Ball
1-0: Ball
2-0: Fly out, F8 (Line Drive, 8RM)
Bottom of the 3rd over - 0 run(s), 0 hit(s), 0 error(s), 0 left on base; Belleville 2 - Highwood 2
TOP OF THE 4TH
Belleville Bulls batting - Pitching for Highwood Hawks : RHP Blaine Stottlar
Batting: RHB Bartho Simonse 0-0: Called Strike
0-1: Ball
1-1: Called Strike
1-2: Foul Ball, location: 2F
1-2: Strikes out swinging
Batting: LHB Tony Rodríguez 0-0: Called Strike
0-1: Called Strike
0-2: Foul Ball, location: 2F
0-2: Ball
1-2: Ball
2-2: Strikes out swinging
Batting: RHB Alejandro Serrato 0-0: SINGLE (Groundball, 4D)
Batting: RHB Eric Harvey 0-0: Ball
1-0: Ball
2-0: Called Strike
2-1: Fielders Choice at 2nd, 6-4 (Groundball, 6)
Top of the 4th over - 0 run(s), 1 hit(s), 0 error(s), 0 left on base; Belleville 2 - Highwood 2
BOTTOM OF THE 4TH
Highwood Hawks batting - Pitching for Belleville Bulls : RHP Ed Maresh
Batting: RHB Tevin McTevin 0-0: Ball
1-0: Swinging Strike
1-1: Ground out 1-3 (Groundball, P)
Batting: RHB Stan Pagnotta 0-0: Called Strike
0-1: Ball
1-1: Called Strike
1-2: Ground out 5-3 (Groundball, 56)
Batting: RHB Owen Cannon 0-0: Ball
1-0: Foul Ball, location: 2F
1-1: Foul Ball, location: 2F
1-2: Fly out, F9 (Flyball, 9LM)
Bottom of the 4th over - 0 run(s), 0 hit(s), 0 error(s), 0 left on base; Belleville 2 - Highwood 2
TOP OF THE 5TH
Belleville Bulls batting - Pitching for Highwood Hawks : RHP Blaine Stottlar
Batting: LHB Alan Shaw 0-0: Ball
1-0: Swinging Strike
1-1: Foul Ball, location: 2F
1-2: Ground out 4-3 (Groundball, 4)
Batting: RHB Júlio Robles 0-0: Called Strike
0-1: Foul Ball, location: 2F
0-2: Ball
1-2: Strikes out swinging
Batting: RHB Vicente Mena 0-0: Called Strike
0-1: Foul Ball, location: 2F
0-2: Ball
1-2: Ball
2-2: Fly out, F9 (Flyball, 9S)
Top of the 5th over - 0 run(s), 0 hit(s), 0 error(s), 0 left on base; Belleville 2 - Highwood 2
BOTTOM OF THE 5TH
Highwood Hawks batting - Pitching for Belleville Bulls : RHP Ed Maresh
Batting: RHB Jack Bonner 0-0: Foul Ball, location: 2F
0-1: Foul Ball, location: 2F
0-2: Reached on error, E1 (Groundball, 13)
Batting: RHB Jurg Dansen 0-0: Bunted foul
0-1: Bunt missed!
0-2: Fly out, F8 (Flyball, 89S)
Batting: SHB Iikka Karpinen 0-0: Called Strike
0-1: Called Strike
0-2: Foul Ball, location: 2F
0-2: Foul Ball, location: 2F
0-2: Grounds into double play, 4-6-3 (Groundball, 34)
Bottom of the 5th over - 0 run(s), 0 hit(s), 1 error(s), 0 left on base; Belleville 2 - Highwood 2
TOP OF THE 6TH
Belleville Bulls batting - Pitching for Highwood Hawks : RHP Blaine Stottlar
Batting: RHB Dean Summers 0-0: Ball
1-0: Ball
2-0: Foul Ball, location: 2F
2-1: Foul Ball, location: 2F
2-2: Ball
3-2: Base on Balls
Batting: LHB Walt Lathon 0-0: Ball
1-0: Ball
2-0: Swinging Strike
2-1: Ball
3-1: Fly out, F8 (Flyball, 8LM)
Batting: RHB Bartho Simonse 0-0: SINGLE (Groundball, 56) (infield hit)
Dean Summers to second
Batting: LHB Tony Rodríguez 0-0: Ball
1-0: Called Strike
1-1: Swinging Strike
1-2: Strikes out swinging
Batting: RHB Alejandro Serrato 0-0: Fly out, F8 (Flyball, 8LS)
Top of the 6th over - 0 run(s), 1 hit(s), 0 error(s), 2 left on base; Belleville 2 - Highwood 2
BOTTOM OF THE 6TH
Highwood Hawks batting - Pitching for Belleville Bulls : RHP Ed Maresh
Batting: RHB Rafael Rivera 0-0: Ball
1-0: Swinging Strike
1-1: Foul Ball, location: 2F
1-2: SINGLE (Line Drive, 5D)
Batting: RHB Lane McCool 0-0: Ball
Rafael Rivera steals 2nd base
1-0: Intentional Walk
Batting: RHB Luis Díaz 0-0: Foul Ball, location: 2F
0-1: Grounds into double play, 5-4-3 (Groundball, 56)
Rafael Rivera to third
Batting: RHB Tevin McTevin 0-0: Ball
1-0: Fly out, F1 (Line Drive, 13)
Bottom of the 6th over - 0 run(s), 1 hit(s), 0 error(s), 1 left on base; Belleville 2 - Highwood 2
TOP OF THE 7TH
Belleville Bulls batting - Pitching for Highwood Hawks : RHP Blaine Stottlar
Batting: RHB Eric Harvey 0-0: Called Strike
0-1: Called Strike
0-2: Ball
1-2: Ball
2-2: Foul Ball, location: 2F
2-2: Ball
3-2: Base on Balls
Pinch Hitting: LHB José Gómez 0-0: Ball
1-0: Ball
2-0: Sac Bunt - play at first, batter OUT! 3-4
Eric Harvey to second
Pinch Hitting: LHB Carlos Cirilli 0-0: Intentional Walk
Batting: RHB Vicente Mena 0-0: Ball
1-0: Foul Ball, location: 2F
1-1: Ball
2-1: Foul Ball, location: 2F
2-2: Foul Ball, location: 2F
2-2: Fly out, F7 (Line Drive, 78M)
Pitching: RHP Érico Laborde
Batting: RHB Dean Summers 0-0: Ball
1-0: SINGLE (Groundball, 6MD)
Eric Harvey to third
Carlos Cirilli to second
Runner from 3rd tries for Home, SAFE, no throw
Batting: LHB Walt Lathon 0-0: SINGLE (Groundball, 34D)
Carlos Cirilli to third
Dean Summers to second
Runner from 3rd tries for Home, SAFE, throw made home
Dean Summers to third
Walt Lathon to second
Pinch Hitting: RHB Mario Valentín 0-0: Called Strike
0-1: Called Strike
0-2: Strikes out swinging
Top of the 7th over - 2 run(s), 2 hit(s), 0 error(s), 2 left on base; Belleville 4 - Highwood 2
BOTTOM OF THE 7TH
Highwood Hawks batting - Pitching for Belleville Bulls : RHP Ed Maresh
Now at 1B: José Gómez
Now at 3B: Jorge Cortés
Now in RF: Carlos Cirilli
Batting: RHB Stan Pagnotta 0-0: Ball
1-0: SINGLE (Groundball, 3D)
Batting: RHB Owen Cannon 0-0: Ball
1-0: Ball
2-0: Ball
3-0: Called Strike
3-1: Foul Ball, location: 2F
3-2: Base on Balls
Stan Pagnotta to second
Batting: RHB Jack Bonner 0-0: SINGLE (Line Drive, 6M)
Stan Pagnotta to third
Owen Cannon to second
Batting: RHB Jurg Dansen 0-0: Called Strike
0-1: Ball
1-1: Foul Ball, location: 2F
1-2: Ball
2-2: Ball
3-2: Foul Ball, location: 2F
3-2: Strikes out swinging
Pinch Hitting: RHB Juan González 0-0: Ball
1-0: Called Strike
1-1: Swinging Strike
1-2: Strikes out looking
Pinch Hitting: LHB Jaime Aguilar 0-0: Ball
1-0: Ball
2-0: Fly out, F8 (Flyball, 8RM)
Bottom of the 7th over - 0 run(s), 2 hit(s), 0 error(s), 3 left on base; Belleville 4 - Highwood 2
TOP OF THE 8TH
Belleville Bulls batting - Pitching for Highwood Hawks : RHP Érico Laborde
Now at 1B: Jaime Aguilar
Now in LF: Juan González
Batting: LHB Tony Rodríguez 0-0: Called Strike
0-1: Ball
1-1: Called Strike
1-2: Foul Ball, location: 2F
1-2: Ball
2-2: Foul Ball, location: 2F
2-2: Ball
3-2: Strikes out looking
Batting: RHB Alejandro Serrato 0-0: Called Strike
0-1: Foul Ball, location: 2F
0-2: Foul Ball, location: 2F
0-2: Foul Ball, location: 2F
0-2: Foul Ball, location: 2F
0-2: Strikes out swinging
Batting: RHB Eric Harvey 0-0: SINGLE (Groundball, 56D)
Batting: LHB José Gómez 0-0: Ball
Eric Harvey steals 2nd base
1-0: Ball
2-0: SINGLE (Groundball, 25) (infield hit)
Eric Harvey to third
Batting: LHB Carlos Cirilli 0-0: Called Strike
0-1: Foul Ball, location: 2F
0-2: Ball
1-2: Foul Ball, location: 2F
1-2: Ball
2-2: Ground out U3 (Groundball, 3)
Top of the 8th over - 0 run(s), 2 hit(s), 0 error(s), 2 left on base; Belleville 4 - Highwood 2
BOTTOM OF THE 8TH
Highwood Hawks batting - Pitching for Belleville Bulls : RHP Ed Maresh
Batting: RHB Lane McCool 0-0: Ball
1-0: Ball
2-0: Ball
3-0: Called Strike
3-1: Called Strike
3-2: Strikes out swinging
Batting: RHB Luis Díaz 0-0: Foul Ball, location: 2F
0-1: Ground out 2-3 (Groundball, 2R)
Batting: RHB Tevin McTevin 0-0: Ball
1-0: Called Strike
1-1: Ball
2-1: SINGLE (Groundball, 4D)
Pitching: RHP Nelson Cuevas
Batting: RHB Stan Pagnotta 0-0: Swinging Strike
0-1: Ball
1-1: Called Strike
1-2: Foul Ball, location: 2F
1-2: Ball
2-2: Ball
3-2: Strikes out swinging
Bottom of the 8th over - 0 run(s), 1 hit(s), 0 error(s), 1 left on base; Belleville 4 - Highwood 2
TOP OF THE 9TH
Belleville Bulls batting - Pitching for Highwood Hawks : RHP Érico Laborde
Batting: RHB Vicente Mena 0-0: Called Strike
0-1: Ball
1-1: SINGLE (Line Drive, 6MD)
Batting: RHB Dean Summers 0-0: Bunted foul
0-1: Sac Bunt - play at first, batter OUT! 2-4
Vicente Mena to second
Batting: LHB Walt Lathon 0-0: Intentional Walk
Batting: RHB Jorge Cortés 0-0: Ball
1-0: Ball
2-0: Ball
3-0: Called Strike
3-1: Ground out U3 (Groundball, 34S)
Vicente Mena to third
Walt Lathon to second
Pitching: RHP Robert Vodchak
Batting: LHB Tony Rodríguez 0-0: Swinging Strike
0-1: Swinging Strike
0-2: Strikes out swinging
Top of the 9th over - 0 run(s), 1 hit(s), 0 error(s), 2 left on base; Belleville 4 - Highwood 2
BOTTOM OF THE 9TH
Highwood Hawks batting - Pitching for Belleville Bulls : RHP Nelson Cuevas
Pitching: RHP Jesús Garces
Batting: RHB Owen Cannon 0-0: Called Strike
0-1: Foul Ball, location: 2F
0-2: Fly out, F7 (Flyball, 7LD)
Batting: RHB Jack Bonner 0-0: Called Strike
0-1: Swinging Strike
0-2: Foul Ball, location: 2F
0-2: Strikes out swinging
Batting: RHB Jurg Dansen 0-0: Called Strike
0-1: Ball
1-1: Foul Ball, location: 2F
1-2: SINGLE (Groundball, 34D)
Batting: RHB Juan González 0-0: Swinging Strike
0-1: Swinging Strike
0-2: Ball
1-2: Ball
2-2: Strikes out swinging
Bottom of the 9th over - 0 run(s), 1 hit(s), 0 error(s), 1 left on base; Belleville 4 - Highwood 2
Thursday, August 24th, 2017 - OOTP Baseball 17.12 Build 75